elenmirie, chaotic male human Knight ------------- |...........| ----------- #-...........| |...ohh\%%-# ###|...........| ..GGo..hG)|# # --|---------- |booC.GhC@|# ### # |.kookko%.|# -------- # # |.o..------### .......-## # ---.- #### |......| # # #|......| # ###|......| # # #.......| # |......| # ---------- -------- ### #####.).<.....| # |..----..| ----.---- |..| |..| |>......| #-..----..| |....)...#######|........| --------- ---------- elenmirie the Bachelor Experience level: 8 Strength: 18/02 Dexterity: 9 Constitution: 13 Intelligence: 7 Wisdom: 15 Charisma: 18 Health: 0(58) Energy: 61(61) Def: 8 Gold: 2494 Moves: 7112 Dungeon seed: a3EC88lDHyqJD5-0 Game ID: elenmirie_1434284640 Your Inventory: Coins $ - 2494 gold pieces Weapons a - the blessed rustproof +1 Excalibur (weapon in hand) Armor n - a blessed +0 helmet (being worn) q - an uncursed +0 small shield (being worn) r - an uncursed +0 pair of leather gloves (being worn) y - an uncursed +0 pair of kicking boots P - an uncursed fireproof +0 cloak of magic resistance (being worn) X - an uncursed +1 ring mail (being worn) Comestibles L - an uncursed lizard corpse Scrolls c - an uncursed scroll of punishment k - a blessed scroll of confuse monster l - a blessed scroll of remove curse v - 2 cursed scrolls of blank paper x - 4 uncursed scrolls of blank paper A - an uncursed scroll of amnesia B - an uncursed scroll of light Potions j - an uncursed potion of levitation m - an uncursed potion of gain ability o - an uncursed potion of see invisible Wands d - a wand of striking (0:3) s - a wand of undead turning (0:2) D - a wand of digging (0:4) I - a wand of digging (0:4) O - a cursed wand of make invisible (0:6) S - a wand of enlightenment (0:14) Y - a wand of striking (0:5) Tools e - an uncursed skeleton key t - an uncursed tallow candle (0:200) u - a +0 unicorn horn w - an uncursed bag of holding Q - an uncursed tooled horn R - a cursed magic marker (0:66) Contents of the bag of holding: 9 uncursed apples 8 uncursed carrots an uncursed eucalyptus leaf 4 uncursed sprigs of wolfsbane an uncursed tripe ration a cursed scroll of amnesia a cursed scroll of create monster a blessed scroll of earth 2 uncursed scrolls of earth an uncursed scroll of identify a cursed scroll of identify a cursed scroll of light an uncursed scroll of remove curse a cursed scroll of taming an uncursed potion of healing a cursed potion of monster detection an uncursed potion of oil a cursed potion of paralysis 2 cursed potions of sleeping 3 potions of unholy water an uncursed +1 ring of adornment an uncursed ring of cold resistance a cursed ring of conflict a cursed -1 ring of gain strength a cursed +2 ring of increase damage a cursed ring of polymorph an uncursed ring of polymorph control an uncursed +2 ring of protection an uncursed ring of shock resistance a cursed ring of slow digestion a cursed ring of slow digestion an uncursed ring of stealth an uncursed ring of sustain ability a cursed ring of teleportation Spells known in the end: Name Level Category Fail Memory a - light 1 divination 100% 71% Your skills at the end: Fighting Skills riding [Basic] Weapon Skills long sword [Skilled] polearms [Basic] Spellcasting Skills Final Attributes: You were piously aligned. You were cold resistant. You were poison resistant. You were level-drain resistant. You were magic-protected. You were telepathic. You had automatic searching. You could jump. You were fast. You were unlucky. You are dead. Vanquished creatures: a ghost 2 giant mimics a cockatrice a giant spider 2 dwarf mummies 2 yetis 2 gold golems a lizard a dog a dingo a blue jelly a black unicorn a raven 2 plains centaurs 3 apes a human zombie 3 rope golems 4 bugbears a wood nymph 4 Mordor orcs 3 Uruk-hai 3 rock piercers a rock mole 2 ponies a fog cloud a yellow light 2 shriekers 2 violet fungi 2 gnome lords a gnomish wizard a kobold mummy a red naga hatchling a guardian naga hatchling a gray ooze a ghoul a straw golem 2 paper golems 2 baby crocodiles 4 giant ants a little dog a floating eye 3 kittens 2 dwarves a homunculus 2 rothes a rabid rat a centipede 3 giant bats 5 Kop Sergeants a wererat a werejackal 3 iguanas 11 killer bees an acid blob a coyote a gas spore a hobbit 6 hobgoblins 7 giant rats 2 cave spiders 2 brown molds 3 yellow molds 4 green molds a red mold 2 gnomes 15 Keystone Kops 8 garter snakes 2 manes a gnome zombie 4 geckos 6 jackals 4 foxen 5 goblins 5 sewer rats 15 grid bugs 2 bats 10 lichens 2 kobold zombies 7 newts 220 creatures vanquished. Voluntary challenges: You had been an atheist until turn 1947. You used a wielded weapon 313 times, starting on turn 29. You read items or engraved 21 times, starting on turn 78. You never genocided any monsters. You never polymorphed an object. You never changed form. You cheated 1 time but completed Sokoban on turn 5143. You used no wishes. You never split a pudding. You wrote Elbereth's name 5 times, starting on turn 2655. You violated your moral code, losing 27 points of alignment, starting on turn 1148. Dungeon overview: The Dungeons of Doom: levels 1 to 9 Level 1 some fountains a long staircase Level 2 Level 3 some fountains Level 4 a general store, an altar to Manannan Mac Lir, a fountain Level 5 a sink Level 6 a fountain Level 7 Level 8 a fountain stairs to Sokoban Level 9 <- You were here a throne Sokoban: levels 4 to 7 Level 4 Level 5 Level 6 Level 7 stairs to The Dungeons of Doom History has recorded: On T:1 you entered the Dungeons of Doom to retrieve the Amulet of Yendor! On T:274 you reached level 2 of The Dungeons of Doom. On T:819 you advanced to experience level 2. On T:912 you reached level 3 of The Dungeons of Doom. On T:1134 you reached level 4 of The Dungeons of Doom. On T:1154 you advanced to experience level 3. On T:1158 you advanced to experience level 4. On T:1230 you advanced to experience level 5. On T:1377 you reached level 5 of The Dungeons of Doom. On T:1630 you advanced to experience level 6. On T:1715 you reached level 6 of The Dungeons of Doom. On T:1893 you reached level 7 of The Dungeons of Doom. On T:2111 you reached level 8 of The Dungeons of Doom. On T:2393 you reached level 4 of Sokoban. On T:2942 you advanced to experience level 7. On T:2948 you reached level 3 of Sokoban. On T:3883 you reached level 2 of Sokoban. On T:4185 you reached level 1 of Sokoban. On T:5143 you entered the Sokoban zoo. On T:5159 you advanced to experience level 8. On T:5805 you reached level 9 of The Dungeons of Doom. Score breakdown: Gold: 2494 (11555 points) Experience: 8 levels (14739 points) Exploration: 9 levels ( 18.75%) (12377 points) Discoveries: 15 items ( 6.07%) ( 7392 points) Valuables value: (no points given unless you survive) Artifact value: 4000 (12253 points) Variety of kills: 79 monsters ( 20.84%) (13696 points) Time penalty: 7112 turns (-1875 points) Survival: died (score multiplied by 80%) Total score: 56109 Latest messages: You put 2 scrolls called earth into the bag. You put a potion of paralysis into the bag. You put a potion of monster detection into the bag. You put a potion of oil into the bag. You put 3 clear potions into the bag. You put 2 potions of sleeping into the bag. You put a potion of healing into the bag. You put a silver ring into the bag. You put an iron ring into the bag. You put a granite ring into the bag. You put a wire ring into the bag. You put a pearl ring into the bag. You put a shiny ring into the bag. You kill the gnomish wizard! The mountain centaur wields a cursed scimitar! The scimitar welds itself to the mountain centaur's hand! The gnome king thrusts one of his daggers. The gnome king hits! The mountain centaur swings his scimitar. The mountain centaur misses. The mountain centaur kicks! (2x) You die... Final status: Fare thee well elenmirie the Knight, killed by a mountain centaur... You died in The Dungeons of Doom on dungeon level 9 with 56109 points, and 2494 pieces of gold, after 7112 moves. You were level 8 with a maximum of 58 hit points when you died.